 Dungeon Crawl Stone Soup version 0.30.1-11-g7821555f0a (webtiles) character file.

Game seed: 10434007510579616513

1757 Arctor the Trooper (level 9, -10/71 HPs)
             Began as a Human Fighter on Jan 12, 2024.
             Mangled by a gargoyle
             ... wielding a +0 morningstar
              (13 damage)
             ... in a bailey.
             The game lasted 00:05:13 (4978 turns).

Arctor the Trooper (Human Fighter)                  Turns: 4978, Time: 00:05:14

Health: -10/71     AC: 13    Str: 18    XL:     9   Next: 27%
Magic:  9/9        EV:  6    Int:  8    God:
Gold:   334        SH: 14    Dex: 14    Spells: 8/8 levels left

rFire   + . .        a - +3 war axe (venom)
rCold   . . .        e - +0 tower shield
rNeg    . . .        b - +0 scale mail
rPois   .            f - +0 helmet
rElec   .            (no cloak)
rCorr   .            (no gloves)
SInv    .            (no boots)
Will    +....        (no amulet) Stlth
                     g - ring of willpower
HPRegen 0.31/turn    j - +4 ring of protection
MPRegen 0.11/turn

%: no passive effects
@: mighty, hasted, very quick
A: fire resistance 1, weak 1
a: no special abilities


You were in a bailey.
You visited 1 branch of the dungeon, and saw 7 of its levels.
You also visited: Bailey.

You collected 334 gold pieces.

Inventory:

Hand Weapons
 a - a +3 war axe of venom (weapon)
Armour
 b - a +0 scale mail (worn)
 c - a +0 buckler
 e - a +0 tower shield (worn)
 f - a +0 helmet (worn)
Jewellery
 g - a ring of willpower (left hand)
 j - a +4 ring of protection (right hand)
 n - a ring of protection from cold
Wands
 u - a wand of iceblast (2)
Scrolls
 h - 2 scrolls of teleportation
 l - 3 scrolls of immolation
 m - 2 scrolls of fear
 p - 2 scrolls of noise
Potions
 i - a potion of lignification
 o - 3 potions of attraction
 r - a potion of invisibility {unknown}
 s - a potion of heal wounds {unknown}


   Skills:
 + Level 6.4 Fighting
 + Level 5.9 Axes
 + Level 6.4 Armour
 + Level 6.4 Shields


You had 8 spell levels left.
You didn't know any spells.
Your spell library contained the following spells:

 Spells                   Type           Power      Damage    Failure   Level
 Sandblast                Erth           0%         2d4       100%        1
 Passwall                 Tmut/Erth      0%         N/A       100%        2
 Stone Arrow              Conj/Erth      0%         3d7       100%        3


Dungeon Overview and Level Annotations

Branches:
Dungeon (7/15)             Temple (0/1) D:5          Bailey (1/1)

Altars:
Elyvilon
Fedhas

Shops:
D:3 :   D:4 :   D:7 [


Innate Abilities, Weirdness & Mutations

Your flesh is heat resistant. (rF+)
You are weak. (Str -2)


Message History

You block the stone arrow.
You hit the gargoyle but do no damage.
The gargoyle is lightly damaged.
The gargoyle hits you with a +0 morningstar!!
The gargoyle hurls a stone arrow at you.
You block the stone arrow.
It was a potion of haste.
You feel yourself speed up. You block the gargoyle's attack.
You hit the gargoyle but do no damage.
The gargoyle is lightly damaged.
You block the gargoyle's attack.
You hit the gargoyle.
The gargoyle is lightly damaged.
You barely miss the gargoyle.
The gargoyle is lightly damaged.
You block the gargoyle's attack.
The gargoyle hurls a stone arrow at you.
The stone arrow hits you!!
You hit the gargoyle but do no damage.
The gargoyle is lightly damaged.
You block the gargoyle's attack.
You feel very mighty all of a sudden.
You barely miss the gargoyle.
The gargoyle is lightly damaged.
The gargoyle hits you with a +0 morningstar.
You barely miss the gargoyle.
The gargoyle is lightly damaged.
The gargoyle hits you with a +0 morningstar!
* * * LOW HITPOINT WARNING * * *
You completely miss the gargoyle.
The gargoyle is lightly damaged.
The gargoyle hits you with a +0 morningstar!
* * * LOW HITPOINT WARNING * * *
Okay, then.
You can't see any enemies this would affect, really read the scroll of fear?
Okay, then.
As you read the scroll labelled SUYFAS UNUYP, it crumbles to dust.
The scroll dissolves into smoke.
It was a scroll of fog.
The gargoyle hits you with a +0 morningstar!
You die...

######## ......#
....##
#######§9§##
#8....##@§.##++#
#......#§§§.....
#.......§.§.....
#...#....#######
+...##..##..
+....####...
####...#....
#......♣.
#........


You could see a gargoyle.

Vanquished Creatures
  The ghost of porpoise the Shooter, a novice FoHu (D:5)
  A steam dragon (D:6)
  Menkaure (D:6)
  A water moccasin (D:5)
  2 ice beasts
  A black bear (D:5)
  A phantom (D:5)
  A bullfrog (D:6)
  A scorpion (D:6)
  5 hounds
  An orc priest (D:7)
  Natasha (thrice) (D:4)
  2 iguanas
  3 orc wizards
  9 adders
  2 white imps (D:7)
  3 ufetubi
  3 worms
  A dart slug (D:1)
  18 orcs
  5 ball pythons
  7 bats
  10 endoplasms
  2 giant cockroaches
  4 goblins
  8 hobgoblins
  4 jackals (D:1)
  4 kobolds
  2 quokkas
  4 frilled lizards
  13 orc zombies (Bailey)
  7 rats (D:1)
130 creatures vanquished.

Notes
Turn   | Place    | Note
-------+----------+-------------------------------------------
     0 | D:1      | Arctor the Human Fighter began the quest for the Orb.
     0 | D:1      | Reached XP level 1. HP: 18/18 MP: 1/1
    36 | D:1      | Reached XP level 2. HP: 19/20 MP: 2/2
   186 | D:1      | Reached XP level 3. HP: 27/27 MP: 3/3
  1250 | D:2      | Reached XP level 4. HP: 35/35 MP: 4/4
  1250 | D:2      | You fall into a shaft and drop 1 floor!
  1363 | D:3      | Found Mifuniar's Book Boutique.
  1462 | D:3      | Found a blossoming altar of Fedhas.
  2055 | D:4      | Found Hoapsius's Tiny Tomes.
  2144 | D:4      | Reached XP level 5. HP: 23/42 MP: 5/5
  2389 | D:4      | Reached XP level 6. HP: 48/48 MP: 6/6
  2392 | D:4      | Gained mutation: You are weak. (Str -2) [potion of
                  | mutation]
  2392 | D:4      | Gained mutation: Your flesh is heat resistant. (rF+)
                  | [potion of mutation]
  2437 | D:4      | Noticed Natasha
  2443 | D:4      | Killed Natasha
  2634 | D:4      | Noticed Natasha
  2645 | D:4      | Killed Natasha
  2712 | D:4      | Noticed Natasha
  2716 | D:4      | Killed Natasha
  3085 | D:5      | Entered Level 5 of the Dungeon
  3085 | D:5      | Found a runed translucent gate.
  3107 | D:5      | Noticed a black bear
  3117 | D:5      | Killed a black bear
  3118 | D:5      | Reached XP level 7. HP: 42/55 MP: 7/7
  3208 | D:5      | Found a staircase to the Ecumenical Temple.
  3251 | D:5      | Found a runed translucent gate.
  3251 | D:5      | Found a runed translucent gate.
  3269 | D:5      | Noticed porpoise's ghost (novice FoHu)
  3342 | D:5      | Found a white marble altar of Elyvilon.
  3342 | D:5      | Noticed a water moccasin
  3353 | D:5      | Killed a water moccasin
  3429 | D:5      | Reached skill level 5 in Fighting
  3429 | D:5      | Reached skill level 5 in Armour
  3429 | D:5      | Reached skill level 5 in Shields
  3471 | D:5      | Reached XP level 8. HP: 62/62 MP: 8/8
  3763 | D:5      | Killed porpoise's ghost
  3764 | D:5      | Reached skill level 5 in Axes
  4134 | D:6      | Reached XP level 9. HP: 28/69 MP: 9/9
  4512 | D:6      | Noticed Menkaure
  4519 | D:6      | Killed Menkaure
  4669 | D:7      | Found a flagged portal.
  4674 | D:7      | Found Ypedgh's Armour Emporium.
  4685 | Bailey   | Entered a bailey
  4961 | Bailey   | Noticed a gargoyle
  4977 | Bailey   | HP: 3/71 [gargoyle/+0 morningstar (17)]
  4978 | Bailey   | Mangled by a gargoyle

Illustrated notes

Levels and vault maps discovered:
D:1:      onia_arrival_handbag, layout_basic
D:2:      layout_rooms, hangedman_decor_points, minmay_hexomino_u4
D:3:      layout_basic, mainiacjoe_overflow_alcove_1, serial_shops,
          nicolae_shop_competitors_out_of_business
D:4:      layout_basic, minmay_misc_feat_alley,
          nicolae_shop_i_like_small_books_too, uniq_natasha
D:5:      layout_rooms, elyvilon_altar_5, minmay_temple_entry_overgrown,
          gammafunk_ghost_split
D:6:      layout_rooms, uniq_menkaure
D:7:      layout_cave_pools, serial_shops, shop, enter_bailey_2,
          chequers_garden, nrook_pool_corridor, kennysheep_boxes, uniq_duvessa,
          uniq_joseph, uniq_prince_ribbit1
Bailey:   bailey_polearm_vampire_castle_hellmonk, bailey

Skill      XL: |  1  2  3  4  5  6  7  8  9 |
---------------+----------------------------+-----
Axes           | 3 4 5 |  5.9
Fighting       | 4 5 6 |  6.4
Armour         | 4 5 6 |  6.4
Shields        | 4 5 6 |  6.4

Action                     |  1- 3 |  4- 6 |  7- 9 || total
---------------------------+-------+-------+-------++-------
  Melee: War axe           |    94 |   118 |   166 ||   378
    Use: Scroll            |       |     6 |     6 ||    12
         Potion            |       |     5 |     4 ||     9
 Armour: Scale mail        |    44 |    57 |    65 ||   166
  Dodge: Dodged            |    43 |    51 |    37 ||   131
  Block: Buckler           |    19 |    24 |       ||    43
         Tower shield      |       |    10 |   150 ||   160
